 Dungeon Crawl Stone Soup version 0.30.1-3-gfc49f6343a (webtiles) character file.

Game seed: 2577421971824789963

270 Wiggles the Chopper (level 6, 0/51 HPs)
             Began as a Minotaur Berserker on July 24, 2023.
             Was a Believer of Trog.
             Slain by a gnoll
             ... wielding a +0 halberd
              (4 damage)
             ... on level 4 of the Dungeon.
             The game lasted 00:05:07 (2346 turns).

Wiggles the Chopper (Minotaur Berserker)            Turns: 2346, Time: 00:05:08

Health: 0/51       AC:  9    Str: 24    XL:     6   Next: 1%
Magic:  5/5        EV:  9    Int:  4    God:    Trog [**....]
Gold:   135        SH:  0    Dex:  9    Spells: 5/5 levels left

rFire   . . .        o - +0 battleaxe
rCold   . . .        (shield currently unavailable)
rNeg    + . .        l - +0 chain mail
rPois   .            (helmet restricted)
rElec   .            (no cloak)
rCorr   .            p - +0 pair of gloves
SInv    .            (no boots)
Will    .....        h - amulet of faith Stlth
                     e - ring of positive energy
HPRegen 0.28/turn    (no ring)
MPRegen 0.09/turn

%: faith
@: on berserk cooldown, slowed, very slow
A: horns 2, retaliatory headbutt
a: Renounce Religion, Berserk, Trog's Hand


You were on level 4 of the Dungeon.
You worshipped Trog.
Trog was pleased with you.
You visited 1 branch of the dungeon, and saw 4 of its levels.

You collected 135 gold pieces.

Inventory:

Hand Weapons
 o - a +0 battleaxe (weapon)
Armour
 l - a +0 chain mail (worn)
 p - a +0 pair of gloves (worn)
Jewellery
 b - a +6 ring of intelligence
 e - a ring of positive energy (left hand)
 h - an amulet of faith (around neck)
Scrolls
 d - a scroll of immolation {unknown}
 f - 6 scrolls of identify {unknown}
 i - 3 scrolls of amnesia {unknown}
 m - a scroll of noise {unknown}
Potions
 a - 2 potions of mutation {unknown}
 c - a potion of lignification {unknown}
 g - 2 potions of curing {unknown}
 j - a potion of berserk rage {unknown}
 k - a potion of invisibility {unknown}
 n - a potion of might {unknown}


   Skills:
 - Level 3.6 Fighting
 + Level 7.9 Axes
 - Level 2.4 Armour
 - Level 2.1 Dodging
 - Level 1.0 Stealth
 - Level 0.8 Shields


You had 5 spell levels left.
You didn't know any spells.
Your spell library was empty.

Dungeon Overview and Level Annotations

Branches:
Dungeon (4/15)
 Temple: D:4-7

Altars:
Cheibriados
Sif Muna
Xom

Shops:
D:3 [


Innate Abilities, Weirdness & Mutations

You have a pair of horns on your head.
You reflexively headbutt those who attack you in melee.


Message History

You struggle against the net.
You feel your anger nearly subside. The gnoll hits you with a +0 club.
The orc hits you but does no damage.
The orc priest hits you with a +1 hand axe of flaming.
The orc priest burns you.
You rip the net and break free!
You are no longer berserk.
You are exhausted.
You feel yourself slow down.
You barely miss the orc priest. You hit the gnoll. You closely miss the orc.
The gnoll hits you but does no damage. The orc completely misses you.
You furiously retaliate!
You headbutt the orc.
The orc priest hits you with a +1 hand axe of flaming!
The orc priest burns you.
The orc priest hits you but does no damage.
The orc hits you but does no damage. The gnoll hits you but does no damage.
You hit the orc priest.
The orc priest is lightly wounded.
You barely miss the gnoll. You closely miss the orc.
The gnoll hits you but does no damage.
The gnoll hits you from afar with a +0 halberd.
The orc barely misses you. You furiously retaliate!
You headbutt the orc. The orc priest barely misses you.
You furiously retaliate!
You headbutt the orc priest! The orc priest barely misses you.
You furiously retaliate!
You headbutt the orc priest.
You kill the orc priest!
Trog accepts your kill. The orc barely misses you.
A kobold comes into view. It is wielding a +0 short sword.
The gnoll hits you with a +0 flail.
* * * LOW HITPOINT WARNING * * *
The gnoll hits you from afar with a +0 halberd!
* * * LOW HITPOINT WARNING * * *
You have reached level 6!
The gnoll hits you but does no damage. The orc closely misses you.
The orc misses you. You furiously retaliate!
You headbutt the orc!
You kill the orc!
Trog accepts your kill.
The gnoll hits you from afar with a +0 halberd.
You die...

....... .......
K...... .......
g...... g......
####gol....
#..@og.....
......##)g.....
..... .......
.... #######
... .. .


You could see an iguana, 4 gnolls, 2 orcs, a hobgoblin and a kobold.

Vanquished Creatures
  An ice beast (D:3)
  An orc priest (D:4)
  Robin (D:3)
  4 adders
  3 gnolls (D:2)
  A dart slug (D:2)
  An orc (D:4)
  6 endoplasms
  5 giant cockroaches
  13 goblins
  7 hobgoblins
  2 jackals (D:3)
  2 quokkas
  6 ball pythons
  9 bats
  2 kobolds (D:2)
  3 rats
67 creatures vanquished.

Notes
Turn   | Place    | Note
-------+----------+-------------------------------------------
     0 | D:1      | Wiggles the Minotaur Berserker began the quest for the Orb.
     0 | D:1      | Reached XP level 1. HP: 19/19 MP: 0/0
   355 | D:1      | Reached skill level 4 in Axes
   408 | D:1      | Reached XP level 2. HP: 25/26 MP: 1/1
   741 | D:2      | Reached skill level 5 in Axes
   741 | D:2      | Reached XP level 3. HP: 31/31 MP: 2/2
   821 | D:2      | Reached ** piety under Trog
   872 | D:2      | Reached XP level 4. HP: 31/39 MP: 3/3
   931 | D:2      | Reached skill level 6 in Axes
  1624 | D:3      | Found Ovighe Reany's Antique Armour Emporium.
  1732 | D:3      | Noticed Robin
  1741 | D:3      | Killed Robin
  1812 | D:3      | Found a shimmering blue altar of Sif Muna.
  1839 | D:3      | Noticed an ice beast
  1850 | D:3      | Killed an ice beast
  1851 | D:3      | Reached skill level 7 in Axes
  1851 | D:3      | Reached skill level 1 in Stealth
  1851 | D:3      | Reached XP level 5. HP: 26/45 MP: 4/4
  2177 | D:3      | Found a shimmering altar of Xom.
  2180 | D:3      | Found a snail-covered altar of Cheibriados.
  2346 | D:4      | Reached XP level 6. HP: 4/51 MP: 5/5
  2346 | D:4      | Slain by a gnoll

Illustrated notes

Levels and vault maps discovered:
D:1:      grunt_arrival_crossed_arrows, layout_basic
D:2:      layout_loops_ring
D:3:      layout_loops_ring, nicolae_overflow_squiral,
          mainiacjoe_overflow_boulevard, serial_shops,
          nicolae_shop_tiny_statue_garden, minmay_misc_feat_more_columns,
          uniq_robin
D:4:      layout_rooms, minmay_misc_feat_square

Skill      XL: |  1  2  3  4 |
---------------+-------------+-----
Axes           | 4 5 7 |  7.9
Stealth        | 1 |  1.0
Fighting       | |  3.6
Armour         | |  2.4
Dodging        | |  2.1
Shields        | |  0.8

Action                     |  1- 3 |  4- 6 || total
---------------------------+-------+-------++-------
  Melee: Hand axe          |    71 |    40 ||   111
         Headbutt          |     3 |     8 ||    11
         Battleaxe         |       |    35 ||    35
 Invoke: Berserk           |     1 |     3 ||     4
 Armour: Leather armour    |    15 |    12 ||    27
         Chain mail        |       |    37 ||    37
  Dodge: Dodged            |    46 |    54 ||   100
  Block: Buckler           |     7 |     1 ||     8
